 Dungeon Crawl Stone Soup version 0.31.0-4-g52a2dc7128 (webtiles) character file.

Game seed: 7718173549456199590

2254 Implojin the Nimble (level 9, 0/50 HPs)
             Began as a Tengu Delver on Jan 21, 2024.
             Was an Initiate of Hepliaklqana.
             Slain by a yak (14 damage)
             ... on level 6 of the Dungeon.
             The game lasted 00:19:48 (9810 turns).

Implojin the Nimble (Tengu Delver)                  Turns: 9810, Time: 00:19:48

Health: 0/50       AC:  7    Str: 13    XL:     9   Next: 37%
Magic:  10/10      EV: 20    Int: 17    God:    Hepliaklqana [......]
Gold:   312        SH:  0    Dex: 19    Spells: 8/8 levels left

rFire   . . .        s - +0 rapier (heavy)
rCold   . . .        (no shield)
rNeg    + . .        d - +0 ring mail
rPois   .            (helmet restricted)
rElec   .            k - +0 cloak
rCorr   .            a - +0 pair of gloves
SInv    .            (boots unavailable)
Will    .....        A - amulet of regeneration
Stlth   +++          e - ring of positive energy
HPRegen 1.08/turn    i - +6 ring of intelligence
MPRegen 0.12/turn

%: acrobat
@: flying
A: beak, talons 3, evasive flight, acrobatic
a: Renounce Religion


You were on level 6 of the Dungeon.
You worshipped Hepliaklqana.
Hepliaklqana was noncommittal.
You visited 2 branches of the dungeon, and saw 7 of its levels.
You also visited: Sewer.

You collected 360 gold pieces.
You spent 48 gold pieces at shops.

Inventory:

Hand Weapons
 j - a +0 rapier of chaos
 s - a +0 heavy rapier (weapon)
 t - a +2 dagger of speed
 z - a +0 short sword of freezing
Missiles
 b - 69 stones
 q - 2 javelins
 r - 4 boomerangs
 C - 5 poisoned darts (quivered)
Armour
 a - a +0 pair of gloves (worn)
 d - a +0 ring mail (worn)
 k - a +0 cloak (worn)
Jewellery
 e - a ring of positive energy (left hand)
 i - a +6 ring of intelligence (right hand)
 A - an amulet of regeneration (around neck)
Wands
 g - a wand of digging (3)
Scrolls
 c - a scroll of teleportation
 h - a scroll of brand weapon
 n - 3 scrolls of noise
 o - 4 scrolls of vulnerability
 u - a scroll of fear
 x - a scroll of silence
 y - a scroll of fog
Potions
 f - a potion of magic
 l - a potion of attraction
 m - a potion of brilliance {unknown}
 p - 2 potions of mutation
 B - 3 potions of enlightenment


   Skills:
 - Level 3.0 Fighting
 * Level 9.3 Short Blades
 - Level 9.5 Dodging
 - Level 6.0 Stealth


You had 8 spell levels left.
You didn't know any spells.
Your spell library contained the following spells:

 Spells                   Type           Power      Damage    Failure   Level
 Kiss of Death            Conj/Necr      0%         2d5       45%         1
 Slow                     Hex            0%         N/A       45%         1
 Confusing Touch          Hex            0%         N/A       83%         3
 Sigil of Binding         Hex            0%         N/A       83%         3
 Vampiric Draining        Necr           0%         2d6       83%         3
 Dispel Undead            Necr           0%         3d6       99%         4


Dungeon Overview and Level Annotations

Branches:
Dungeon (6/15)             Temple (1/1) D:4           Sewer (visited)

Altars:
Ashenzari
Cheibriados
Dithmenos
Elyvilon
Fedhas
Gozag
Hepliaklqana
Kikubaaqudgha
Makhleb
Nemelex Xobeh
Okawaru
Qazlal
Ru
Sif Muna
Trog
Uskayaw
Vehumet
Wu Jian
Xom
Yredelemnul
Zin
The Shining One

Shops:
D:2 (


Innate Abilities, Weirdness & Mutations

You have a beak for a mouth.
You have claws for feet.
Your magical flight helps you evade attacks. (EV +4)
You can magically evade attacks while moving or waiting.


Message History

The yak is almost dead.
The yak misses you.
Danger: yak |T2| Reason: OOD monster, careful!
You closely miss the yak. Your kick misses the yak.
You peck the yak, but do no damage.
The yak is almost dead.
The yak barely misses you.
You hit the yak but do no damage.
The yak is almost dead.
The yak closely misses you.
Danger: yak |T2| Reason: OOD monster, careful!
You closely miss the yak. Your peck misses the yak.
The yak is almost dead.
The yak gores you!
You barely miss the yak.
The yak is almost dead.
The yak gores you! The yak barely misses you.
Danger: yak |T2| Reason: OOD monster, careful!
Danger: Low HP Warning |T2| Reason: 52% HP (26/50)
You puncture the yak!
You kill the yak!
You barely miss the yak. Your kick misses the yak. The yak gores you!
Danger: Low HP Warning |T2| Reason: 42% HP (21/50)
You hit the yak. You claw the yak.
The yak is lightly wounded.
The yak completely misses you. x2
You completely miss the yak. You claw the yak.
The yak is lightly wounded.
The yak misses you.
You hit the yak. Your kick misses the yak.
The yak is moderately wounded.
The yak barely misses you.
You puncture the yak! You claw the yak, but do no damage.
The yak is heavily wounded.
The yak gores you!
Danger: Low HP Warning |T3| Reason: 26% HP (13/50)
You hit the yak. You claw the yak!
The yak is severely wounded.
The yak gores you!
You die...

#.....##........................#
..##.####....##....#.............
..#.....#...###....##..........#.
........##.##<###.............###
.........#..#.................#
..<.........#.................###
..........#.(.....##.............
#......####..((Y######...........
.....######....#@#..#.#..........
...########....##.##.##..........
....,*##..#...##.#.[#.##.........
(...#**.......##.#))#.##........)
....#**,.......##.##.##......%...
....#*,........#.#..#.#..........
,,,,*,,.........######...........
*,,,,,,*,,........##......#......
**,,,,****...............####)...


You could see a yak.

Vanquished Creatures
  Grinder (D:6)
  2 yaks (D:6)
  Eustachio (D:5)
  2 ogres
  A centaur (D:4)
  A kobold brigand (D:6)
  A brain worm (Sewer)
  6 scorpions
  9 bombardier beetles
  A hound (D:5)
  A jelly (D:5)
  2 orc priests
  Crazy Yiuf (D:4)
  4 iguanas
  Ijyb (D:3)
  Natasha (thrice) (D:3)
  7 adders
  3 river rats (Sewer)
  2 shadow imps
  3 ribbon worms
  5 dart slugs
  10 orcs
  5 endoplasms
  6 giant cockroaches
  8 goblins
  8 hobgoblins
  6 jackals
  5 quokkas
  18 ball pythons
  14 bats
  6 frilled lizards
  11 kobolds
  9 rats
163 creatures vanquished.

Notes
Turn   | Place    | Note
-------+----------+-------------------------------------------
     0 | D:5      | Implojin the Tengu Delver began the quest for the Orb.
     0 | D:5      | Reached XP level 1. HP: 14/14 MP: 2/2
     3 | D:5      | Noticed an iguana
     9 | D:5      | Noticed an iguana
    52 | D:4      | Noticed a scorpion
   123 | D:4      | Reached XP level 2. HP: 16/19 MP: 3/3
   220 | D:4      | Noticed a centaur
   230 | D:5      | Noticed a bombardier beetle
   240 | D:5      | Killed a bombardier beetle
   241 | D:5      | Reached XP level 3. HP: 19/23 MP: 4/4
   275 | D:5      | Found a stormy altar of Qazlal.
   436 | D:3      | Noticed Natasha
   752 | D:1      | Reached XP level 4. HP: 27/28 MP: 5/5
   896 | D:1      | Found a faded altar of an unknown god.
  1511 | D:1      | Reached skill level 5 in Short Blades
  1877 | D:2      | Found Bafoemiq's Weapon Boutique.
  1886 | D:2      | Bought a +0 rapier for 48 gold pieces
  1954 | D:2      | Found a shimmering blue altar of Sif Muna.
  2273 | D:2      | Reached XP level 5. HP: 26/32 MP: 6/6
  3052 | D:3      | Noticed Ijyb
  3070 | D:3      | Killed Ijyb
  3397 | D:4      | Noticed an orc warrior
  3433 | D:3      | Killed Natasha
  3571 | D:3      | Noticed Natasha
  3581 | D:3      | Killed Natasha
  3582 | D:3      | Reached XP level 6. HP: 37/37 MP: 7/7
  4397 | D:3      | Noticed Natasha
  4403 | D:3      | Killed Natasha
  4931 | D:5      | Gained mutation: Your magical flight helps you evade
                  | attacks. (EV +4) [Tengu growth]
  4931 | D:5      | Reached XP level 7. HP: 41/41 MP: 8/8
  5004 | D:5      | Reached skill level 5 in Dodging
  5393 | D:5      | Reached XP level 8. HP: 46/46 MP: 9/9
  6001 | D:4      | Found a staircase to the Ecumenical Temple.
  6009 | Temple   | Entered the Ecumenical Temple
  6018 | Temple   | Became a worshipper of Hepliaklqana the Forgotten
  6379 | D:4      | Found a runed translucent door.
  6380 | D:4      | Noticed Crazy Yiuf
  6622 | D:4      | Found a glowing silver altar of Zin.
  6622 | D:4      | Noticed an angel
  6713 | D:6      | Noticed Eustachio
  6926 | D:6      | Noticed Grinder
  6932 | D:6      | HP: 1/46 [burnt (3)]
  7204 | D:6      | Found a glowing drain.
  7215 | Sewer    | Entered a sewer
  8196 | D:5      | Found a stormy altar of Qazlal.
  8788 | D:5      | Killed Eustachio
  8789 | D:5      | Reached XP level 9. HP: 50/50 MP: 10/10
  9181 | D:5      | Found a stormy altar of Qazlal.
  9560 | D:6      | Killed Grinder
  9684 | D:4      | Killed Crazy Yiuf
  9810 | D:6      | Slain by a yak

Illustrated notes

Levels and vault maps discovered:
D:1:      dpeg_arrival_snail, layout_basic,
          hellmonk_ecumenical_altar_arch_garden, serial_forest,
          infiniplex_forest_lined_1, infiniplex_forest_clump_tiny,
          infiniplex_forest_end_2, infiniplex_forest_lined_3,
          infiniplex_forest_clump_long, infiniplex_forest_clump_medium,
          infiniplex_forest_clump_tiny, infiniplex_forest_clump_diagonal,
          infiniplex_forest_zigzag_1, minmay_liquid_box, minmay_crystal_room,
          st_stairs_14
D:2:      layout_loops_corners, serial_shops, nicolae_shop_bloodbath_and_beyond,
          basic_altar
D:3:      layout_basic, uniq_natasha, uniq_ijyb
D:4:      layout_cave_pools, zin_angel, temple_green, uniq_crazy_yiuf_cottage
D:5:      nicolae_cairo_tiling_large_dashed, layout_basic, grunt_qazlal_clouds
D:6:      layout_cave_pools, cheibrodos_sewer_entry_bend, kennysheep_doodads,
          minivault_22, nrook_campfire, kennysheep_generic_room_2, uniq_grinder,
          uniq_eustachio
Temple:   nicolae_temple_bog_church

Skill      XL: |  1  2  3  4  5  6  7  8  9 |
---------------+----------------------------+-----
Short Blades   | 3 4 5 6 7 9 |  9.3
Stealth        | 6 |  6.0
Dodging        | 4 7 9 |  9.5
Fighting       | |  3.0

Action                     |  1- 3 |  4- 6 |  7- 9 || total
---------------------------+-------+-------+-------++-------
  Melee: Short sword       |    50 |    68 |    24 ||   142
         Peck              |     7 |    18 |    63 ||    88
         Kick              |    11 |    47 |    89 ||   147
         Rapier            |       |    59 |   136 ||   195
         Punch             |       |     2 |     1 ||     3
         Dagger            |       |    47 |   149 ||   196
  Throw: Dart              |       |     4 |    19 ||    23
         Boomerang         |       |       |     3 ||     3
  Evoke: Wand              |       |       |     8 ||     8
    Use: Scroll            |     5 |     3 |     8 ||    16
         Potion            |     1 |       |     5 ||     6
   Stab: Sleeping          |     2 |    11 |    12 ||    25
         Distracted        |       |       |     1 ||     1
 Armour: Leather armour    |    29 |       |       ||    29
         Ring mail         |       |    57 |   106 ||   163
  Dodge: Dodged            |    31 |   102 |   367 ||   500
